 Dungeon Crawl Stone Soup version 0.23.2-40-g277498a001 (webtiles) character file.

Game seed: 12826544863563081038

11641 Kikorro the Basher (level 11, -2/69 HPs)
             Began as a Gargoyle Fighter on Sept 7, 2019.
             Was a High Priest of Okawaru.
             Slain by an ettin
             ... wielding a +0 dire flail
              (3 damage)
             ... on level 1 of the Orcish Mines.
             The game lasted 00:46:41 (14425 turns).

Kikorro the Basher (Gargoyle Fighter)              Turns: 14425, Time: 00:46:42

Health: -2/69      AC: 27    Str: 23    XL:     11   Next: 80%
Magic:  18/20      EV: 13    Int: 12    God:    Okawaru [*****.]
Gold:   1109       SH: 14    Dex: 13    Spells: 10/10 levels left

rFire    . . .     SeeInvis .   F - +3 morningstar "Beetleslayer" {crush, rPois rC+ MP+9 Int+3}
rCold    + + .     Gourm    .   c - +0 shield
rNeg     + . .     Faith    +   p - +0 chain mail (curse)
rPois    ∞         Spirit   .   C - +0 helmet
rElec    +         Reflect  .   w - +0 cloak
rCorr    .         Harm     .   R - +0 pair of gloves
MR       +....                  m - +0 pair of boots
Stlth    +.........             Y - amulet of Ceqoomez {Faith Dex+4 Stlth+}
HPRegen  0.21/turn              i - ring of protection from cold
MPRegen  0.17/turn              T - ring of protection from magic

@: heroism
A: negative energy resistance 1, electricity resistance, unbreathing,
petrification resistance, rot immunity, AC +8
a: Heroism, Finesse, Renounce Religion


You were on level 1 of the Orcish Mines.
You worshipped Okawaru.
Okawaru was extremely pleased with you.
You were not hungry.

You visited 2 branches of the dungeon, and saw 12 of its levels.
You also visited: Bailey.

You collected 1109 gold pieces.

Inventory:

Hand Weapons
 F - the +3 morningstar "Beetleslayer" (weapon) {crush, rPois rC+ MP+9 Int+3}
   (Okawaru gifted it to you on level 10 of the Dungeon)

   It inflicts extra damage upon your enemies.
   It affects your intelligence (+3).
   It protects you from cold.
   It protects you from poison.
   It affects your magic capacity (+9).
Missiles
 P - 4 poisoned javelins (quivered)
Armour
 c - a +0 shield (worn)
 m - a +0 pair of boots (worn)
 p - a cursed +0 chain mail (worn)
 w - a +0 cloak (worn)
 C - a +0 helmet (worn)
 R - a +0 pair of gloves (worn)
Jewellery
 i - a ring of protection from cold (left hand)
 r - an uncursed ring of magical power
 u - an uncursed ring of resist corrosion
 O - an uncursed ring of wizardry
 T - a ring of protection from magic (right hand)
 Y - the amulet of Ceqoomez (around neck) {Faith Dex+4 Stlth+}
   (You found it on level 10 of the Dungeon)

   [amulet of faith]

   It allows you to gain divine favour quickly.
   It affects your dexterity (+4).
   It makes you more stealthy.
Wands
 l - a wand of acid (21)
 v - a wand of flame (4)
 x - a wand of random effects (15)
 B - a wand of digging (5)
 D - a wand of iceblast (16)
 I - a wand of polymorph (3)
 K - a wand of clouds (5)
 W - a wand of paralysis (11)
Scrolls
 h - 5 scrolls of enchant armour
 n - a scroll of acquirement {unknown}
 o - a scroll of fog
 q - 3 scrolls of amnesia {unknown}
 s - 7 scrolls of teleportation
 t - a scroll of noise {unknown}
 y - a scroll of magic mapping
 A - 2 scrolls of blinking {unknown}
 E - 2 scrolls of vulnerability {unknown}
 G - 5 scrolls of remove curse
 H - a scroll of enchant weapon {unknown}
 Q - a scroll of immolation {unknown}
Potions
 b - 7 potions of heal wounds
 d - 5 potions of might
 e - a potion of haste {unknown}
 g - 3 potions of flight
 j - 2 potions of agility
 k - 5 potions of curing
 z - 5 potions of mutation
 J - 3 potions of lignification {unknown}
 L - 2 potions of magic
 N - a potion of cancellation
 U - a potion of resistance
 X - a potion of brilliance {unknown}
Comestibles
 a - 11 chunks of flesh
 f - 24 rations


   Skills:
 + Level 8.5(13.5) Fighting
 + Level 11.4(16.4) Maces & Flails
 + Level 8.7(13.7) Armour
 + Level 3.8(8.8) Dodging
 + Level 1.8(6.8) Stealth
 + Level 10.5(15.5) Shields
 + Level 0.4 Invocations


You had 10 spell levels left.
You didn't know any spells.
Your spell library was empty.

Dungeon Overview and Level Annotations

Branches:
Dungeon (10/15)            Temple (0/1) D:7            Lair (0/6) D:10
    Orc (2/2) D:10
    Elf: Orc:2

Altars:
Dithmenos
Gozag
Hepliaklqana
Makhleb
Nemelex Xobeh
Okawaru
Ru
Trog
Vehumet
Wu Jian
Yredelemnul
The Shining One

Shops:
D:4 =   D:7 :*[

Annotations:
D:6 3 runed translucent doors, bryzzwind's ghost, novice KoBe
D:10 3 runed translucent doors, MalarOregon's ghost, novice MfSk; appiemonkey's ghost, novice MiGl
Orc:2 1 runed translucent door


Innate Abilities, Weirdness & Mutations

You are resistant to torment.
Your stone body is resilient. (AC +8)
You are immune to poison.
You resist negative energy. (rN+)
You are resistant to electric shocks. (rElec)
You can survive without breathing.
You are immune to petrification.
You are immune to rotting.


Message History

The ettin hits you but does no damage. The ettin closely misses you.
You hit the ettin but do no damage.
The ettin hits you with a +0 dire flail!
The ettin hits you but does no damage.
You puncture the ettin!
The ettin is lightly wounded.
You hit the ettin but do no damage.
The ettin is lightly wounded.
You block the ettin's attack. The ettin misses you.
You gain the combat prowess of a mighty hero.
The ettin closely misses you. You block the ettin's attack.
You puncture the ettin!
The ettin is moderately wounded.
The ettin hits you but does no damage. x2
You puncture the ettin!
The ettin is heavily wounded.
The ettin hits you with a +0 dire flail!!
* * * LOW HITPOINT WARNING * * *
The ettin hits you with a +0 dire flail.
You die...

.......##....
...#....#.....
...>...........
........#...#..
..............##
....>...#......###
..............##.###
.......#..#.##.....#.#.#
...###..........@.......
... #........#..#C.....#
... ##.......#.####....#
.# ##.#...#...## #.## #
######.....## # ##.....#
###..## ##.## #...#


You could see an ettin.

Vanquished Creatures
  A hydra (D:8)
  Erica (D:8)
  An orc knight (Orc:1)
  Pikel (D:7)
  An ugly thing (D:10)
  2 trolls (Orc:2)
  Prince Ribbit (D:8)
  3 hippogriffs
  2 dream sheep (D:8)
  Sigmund (D:4)
  2 yaks (D:8)
  Grum (D:8)
  A warg (D:10)
  2 porcupines (D:10)
  14 orc warriors
  A sky beast (D:7)
  2 hornet zombies
  2 ice beasts (D:10)
  An eye of draining (D:10)
  A necrophage (D:7)
  A phantom (D:9)
  3 wolves (D:8)
  7 centaurs
  5 ogres
  A crocodile (D:10)
  3 big kobolds (D:8)
  Blork the orc (D:4)
  4 bullfrogs
  A scorpion (D:8)
  4 wights (D:8)
  A crimson imp (D:6)
  5 howler monkeys
  A lava snake (D:8)
  2 quasits
  6 jellies
  14 orc priests
  4 hounds
  A bullfrog skeleton (D:5)
  2 centaur skeletons
  6 worker ants
  4 iguanas
  16 orc wizards
  2 hound zombies
  A worker ant zombie (D:5)
  20 gnolls
  13 adders
  An ooze (D:4)
  2 adder skeletons
  3 dart slugs
  2 worms
  5 leopard geckos
  46 orcs
  10 giant cockroaches
  13 goblins
  21 hobgoblins
  10 jackals
  12 kobolds
  5 quokkas
  A ball python zombie (D:5)
  12 bats
  6 frilled lizards
  A giant cockroach zombie (D:5)
  A quokka skeleton (D:7)
  7 rats
327 creatures vanquished.

Vanquished Creatures (others)
  An orc wizard (D:7)
  An adder (D:7)
  A quokka (D:7)
  3 fungi (D:10)
6 creatures vanquished.

Grand Total: 333 creatures vanquished

Notes
Turn   | Place    | Note
-------+----------+-------------------------------------------
     0 | D:1      | Kikorro the Gargoyle Fighter began the quest for the Orb.
     0 | D:1      | Reached XP level 1. HP: 14/14 MP: 1/1
   120 | D:1      | Reached XP level 2. HP: 11/19 MP: 2/2
   482 | D:1      | Reached XP level 3. HP: 24/24 MP: 3/3
  1107 | D:2      | Reached XP level 4. HP: 23/29 MP: 4/4
  1489 | D:2      | Found an opulent altar of Gozag.
  1513 | D:2      | Reached skill level 1 in Dodging
  2036 | D:3      | Reached XP level 5. HP: 12/33 MP: 5/5
  2506 | D:3      | Reached skill level 3 in Maces & Flails
  3175 | D:4      | Found an iron altar of Okawaru.
  3200 | D:4      | Became a worshipper of Warmaster Okawaru
  3230 | D:4      | Reached XP level 6. HP: 22/38 MP: 6/6
  3409 | D:4      | Found Odghis's Jewellery Boutique.
  3446 | D:4      | Noticed Blork the orc
  3458 | D:4      | Killed Blork the orc
  3458 | D:4      | Reached skill level 4 in Maces & Flails
  3462 | D:4      | Reached * piety under Okawaru
  3462 | D:4      | Reached skill level 5 in Shields
  4038 | D:4      | Reached XP level 7. HP: 38/44 MP: 7/7
  4172 | D:4      | Noticed Sigmund
  4201 | D:4      | Killed Sigmund
  4323 | D:5      | Entered Level 5 of the Dungeon
  4536 | D:5      | Reached skill level 5 in Maces & Flails
  4568 | D:5      | Reached ** piety under Okawaru
  4616 | D:5      | Got a pair of twisted boots
  4628 | D:5      | Identified the cursed -4 pair of boots "Enobb" {Int+4} (You
                  | found it on level 5 of the Dungeon)
  4757 | D:5      | Reached XP level 8. HP: 44/48 MP: 8/8
  4799 | D:5      | Reached skill level 5 in Fighting
  4799 | D:5      | Reached skill level 5 in Armour
  5047 | D:5      | Found a burning altar of Makhleb.
  5562 | D:6      | Reached skill level 6 in Maces & Flails
  5592 | D:6      | Found a bloodstained altar of Trog.
  5642 | D:6      | Found a runed translucent gate.
  5643 | D:6      | Found a runed translucent gate.
  5643 | D:6      | Found a runed translucent gate.
  5646 | D:6      | Noticed bryzzwind's ghost (novice KoBe)
  5856 | D:6      | Found a sacrificial altar of Ru.
  6605 | D:7      | Found a hazy altar of Hepliaklqana.
  6605 | D:7      | Found a shadowy altar of Dithmenos.
  6605 | D:7      | Found a radiant altar of Vehumet.
  6641 | D:7      | Reached *** piety under Okawaru
  6641 | D:7      | Reached skill level 7 in Maces & Flails
  6641 | D:7      | Reached XP level 9. HP: 40/55 MP: 9/9
  6746 | D:7      | Found Yxuetify's Armour Boutique.
  7078 | D:7      | Found Zuomuz's General Store.
  7159 | D:7      | Found a staircase to the Ecumenical Temple.
  7289 | D:7      | Noticed Pikel
  7305 | D:7      | Killed Pikel
  7305 | D:7      | Reached skill level 8 in Maces & Flails
  7558 | D:7      | Found a basalt altar of Yredelemnul.
  7689 | D:7      | Found Lois's Book Boutique.
  7845 | D:8      | Reached **** piety under Okawaru
  8244 | D:8      | Reached XP level 10. HP: 61/61 MP: 10/10
  8308 | D:8      | Reached skill level 9 in Maces & Flails
  8323 | D:8      | Noticed Grum
  8358 | D:8      | Killed Grum
  8612 | D:8      | Found a sparkling altar of Nemelex Xobeh.
  8645 | D:8      | Noticed Prince Ribbit
  8650 | D:8      | Noticed Erica
  8663 | D:8      | Killed Erica
  8851 | D:8      | Reached ***** piety under Okawaru
  8922 | D:8      | Noticed a three-headed hydra
  8941 | D:8      | Killed a three-headed hydra
  8946 | D:8      | Received a gift from Okawaru
  8946 | D:8      | Reached skill level 10 in Maces & Flails
  9113 | D:8      | Killed Prince Ribbit
  9407 | D:9      | Found a flagged portal.
  9427 | Bailey   | Entered a bailey
 10075 | D:9      | Found an ornate altar of the Wu Jian Council.
 10146 | D:9      | Reached XP level 11. HP: 67/67 MP: 11/11
 10647 | D:9      | Found a glowing golden altar of the Shining One.
 11089 | D:10     | Entered Level 10 of the Dungeon
 11114 | D:10     | Found a runed translucent gate.
 11114 | D:10     | Found a runed translucent gate.
 11114 | D:10     | Found a runed translucent gate.
 11115 | D:10     | Noticed appiemonkey's ghost (novice MiGl)
 11116 | D:10     | Noticed MalarOregon's ghost (novice MfSk)
 11146 | D:10     | Received a gift from Okawaru
 11149 | D:10     | Got a twisted morningstar {god gift}
 11152 | D:10     | Noticed a purple ugly thing
 11173 | D:10     | Killed a purple ugly thing
 11327 | D:10     | Reached skill level 10 in Shields
 11363 | D:10     | Reached skill level 1 in Stealth
 11876 | D:10     | Found a staircase to the Orcish Mines.
 12485 | D:10     | Found a staircase to the Lair.
 12638 | D:10     | Got a translucent ruby amulet
 12639 | D:10     | Identified the amulet of Ceqoomez {Faith Dex+4 Stlth+} (You
                  | found it on level 10 of the Dungeon)
 12809 | D:10     | Identified the +3 morningstar "Beetleslayer" {crush, rPois
                  | rC+ MP+9 Int+3} (Okawaru gifted it to you on level 10 of
                  | the Dungeon)
 12852 | Orc:1    | Entered Level 1 of the Orcish Mines
 13100 | Orc:2    | Entered Level 2 of the Orcish Mines
 13105 | Orc:2    | Noticed an orc knight
 13473 | Orc:1    | Killed an orc knight
 13504 | Orc:2    | Reached skill level 11 in Maces & Flails
 13993 | Orc:2    | Found a runed translucent door.
 14415 | Orc:1    | Noticed an ettin
 14425 | Orc:1    | HP: 1/69 [ettin/+0 dire flail (31)]
 14425 | Orc:1    | Slain by an ettin

Skill      XL: |  1  2  3  4  5  6  7  8  9 10 11 |
---------------+----------------------------------+-----
Shields        | 4 5 6 8 9 10 | 10.5
Dodging        | 1 2 3 |  3.8
Fighting       | 4 5 6 7 8 |  8.5
Armour         | 4 5 6 7 8 |  8.7
Maces & Flails | 3 4 5 7 8 10 11 | 11.4
Stealth        | 1 |  1.8
Invocations    | |  0.4

Action                   |  1- 3 |  4- 6 |  7- 9 | 10-12 || total
-------------------------+-------+-------+-------+-------++-------
Melee: Flail             |   154 |   282 |   387 |       ||   823
       Whip              |       |       |   120 |   670 ||   790
       Morningstar       |       |       |       |   192 ||   192
Invok: Heroism           |       |       |     1 |     5 ||     6
  Use: Scroll            |     1 |     6 |     4 |     6 ||    17
       Potion            |       |     1 |       |     1 ||     2
  Eat: Chunk             |     1 |    10 |    14 |    17 ||    42
       Ration            |       |       |       |     1 ||     1
Armor: Scale mail        |   118 |    47 |       |       ||   165
       Chain mail        |       |   142 |   254 |   340 ||   736
Dodge: Dodged            |    61 |    79 |   118 |   191 ||   449
Block: Shield            |   105 |   173 |   285 |   428 ||   991
